 Dungeon Crawl Stone Soup version 0.27-a0-1206-g6342a01c75 (webtiles) character file.

Game seed: 18237511437049846200

228 Glokmah the Charlatan (level 6, -6/51 HPs)
             Began as a Ghoul Artificer on June 5, 2021.
             Mangled by Menkaure (19 damage)
             ... on level 4 of the Dungeon.
             The game lasted 00:05:36 (4074 turns).

Glokmah the Charlatan (Ghoul Artificer)             Turns: 4074, Time: 00:05:37

Health: -6/51      AC:  8    Str: 22    XL:     6   Next: 2%
Magic:  5/5        EV:  8    Int:  6    God:
Gold:   123        SH:  0    Dex: 11    Spells: 5/5 levels left

rFire    . . .     SeeInvis .   a - +2 dagger (venom)
rCold    + . .     Faith    .   (no shield)
rNeg     + + +     Spirit   .   n - +0 chain mail
rPois    ∞         Reflect  .   (no helmet)
rElec    .         Harm     .   b - scarf {repulsion}
rCorr    .         Rampage  .   (no gloves)
Will     .....                  (no boots)
Stlth    ..........             q - amulet of magic regeneration
HPRegen  0.00/turn              p - +6 ring of strength
MPRegen  0.34/turn              (no ring)

@: repel missiles
A: claws 1, cold resistance 1, negative energy resistance 3, inhibited
regeneration, torment resistance 2
a: no special abilities


You were on level 4 of the Dungeon.
You visited 1 branch of the dungeon, and saw 4 of its levels.

You collected 123 gold pieces.

Inventory:

Hand Weapons
 a - a +2 dagger of venom (weapon)
 f - a +4 flail
Missiles
 h - 3 javelins
 m - 3 boomerangs
Armour
 b - a scarf of repulsion (worn)
 k - a +0 cloak
 n - a +0 chain mail (worn)
Jewellery
 p - a +6 ring of strength (left claw)
 q - an amulet of magic regeneration (around neck)
Wands
 c - a wand of flame (9) (quivered)
 d - a wand of charming (15)
Scrolls
 l - a scroll of identify {unknown}
 s - a scroll of teleportation {unknown}
 t - a scroll of noise {unknown}
Potions
 g - a potion of ambrosia {unknown}
 i - 2 potions of curing {unknown}
 j - 2 potions of berserk rage {unknown}
 o - a potion of cancellation {unknown}
 r - a potion of haste
Miscellaneous
 e - a piece from Xom's chessboard (15/15)


   Skills:
 + Level 3.5 Fighting
 - Level 1.7 Armour
 - Level 0.8 Dodging
 - Level 1.1 Stealth
 * Level 5.1 Evocations


You had 5 spell levels left.
You didn't know any spells.
Your spell library was empty.

Dungeon Overview and Level Annotations

Branches:
Dungeon (4/15)
 Temple: D:4-7

Altars:

Annotations:
D:4 Menkaure


Innate Abilities, Weirdness & Mutations

You thrive by killing the living.
You are immune to poison.
You have sharp fingernails.
Your flesh is cold resistant. (rC+)
You are immune to negative energy. (rN+++)
You do not regenerate when monsters are visible.
You are immune to unholy pain and torment.


Message History

The centaur kicks you but does no damage.
You kill the centaur!
Your Evocations skill increases to level 5!
You have reached level 6!
Your experience leads to an increase in your attributes!
Your base attributes are Str 16, Int 6, Dex 10.
Increase (S)trength, (I)ntelligence, or (D)exterity?
You feel agile.
You hit the endoplasm.
The endoplasm is poisoned.
The endoplasm is lightly wounded.
The endoplasm freezes you.
You are frozen.
You resist.
You hit the endoplasm.
The endoplasm is almost dead.
The endoplasm hits you but does no damage.
You hit the endoplasm.
You kill the endoplasm!
Menkaure gestures wildly while chanting.
Menkaure seems to speed up.
You hit Menkaure but do no damage.
Menkaure murmurs in an indecipherable tongue.
Menkaure barely misses you.
You hit Menkaure but do no damage. Menkaure closely misses you.
Menkaure barely misses you.
You closely miss Menkaure. Menkaure barely misses you.
You hit Menkaure.
Menkaure is lightly damaged.
Menkaure rustles drily.
Menkaure hits you!
You hit Menkaure.
Menkaure is moderately damaged.
Menkaure completely misses you.
You hit Menkaure.
Menkaure is moderately damaged.
Menkaure hits you!
* * * LOW HITPOINT WARNING * * *
You hit Menkaure but do no damage.
Menkaure is moderately damaged.
Menkaure hits you!!
You die...

#####
...#####...#
...........#
#.........### #
#........(..#.#
#.........M.).#
#......(.@#...#
#.........#...#
#.........#...#
#.#####...#...#
#.# #...#...#
#.# #...#...#
#†# #...#...#
#### ###.#
##### <..#
#...#


You could see Menkaure (fast).

Vanquished Creatures
  A centaur (D:4)
  An orc priest (D:3)
  An iguana (D:4)
  2 adders
  An adder skeleton (D:4)
  A dart slug (D:3)
  3 orcs (D:3)
  3 ball pythons
  7 endoplasms
  4 giant cockroaches
  6 goblins
  A hobgoblin (D:2)
  7 jackals
  5 kobolds
  4 quokkas
  6 bats
  3 frilled lizards
  7 rats
63 creatures vanquished.

Notes
Turn   | Place    | Note
-------+----------+-------------------------------------------
     0 | D:1      | Glokmah the Ghoul Artificer began the quest for the Orb.
     0 | D:1      | Reached XP level 1. HP: 16/16 MP: 0/0
   237 | D:1      | Reached skill level 3 in Evocations
   244 | D:1      | Reached XP level 2. HP: 11/23 MP: 1/1
  1217 | D:1      | Reached XP level 3. HP: 29/29 MP: 2/2
  2775 | D:3      | Reached XP level 4. HP: 29/37 MP: 3/3
  2874 | D:3      | Reached skill level 4 in Evocations
  3569 | D:3      | Found a faded altar of an unknown god.
  3636 | D:3      | Reached XP level 5. HP: 44/44 MP: 4/4
  4050 | D:4      | Noticed a centaur
  4056 | D:4      | Noticed Menkaure
  4060 | D:4      | Killed a centaur
  4061 | D:4      | Reached skill level 5 in Evocations
  4061 | D:4      | Reached XP level 6. HP: 38/51 MP: 5/5
  4074 | D:4      | Mangled by Menkaure

Illustrated notes

Levels and vault maps discovered:
D:1:      giann_forest_graveyard, layout_basic, kennysheep_doodads, st_stairs_1
D:2:      layout_loops_corners
D:3:      layout_loops_corners, chequers_ecumenical_altar_grove
D:4:      layout_basic, hangedman_minor_gate_pass, uniq_menkaure, uniq_robin

Skill      XL: |  1  2  3  4  5 |
---------------+----------------+-----
Evocations     | 3 4 5 |  5.1
Fighting       | 2 3 |  3.5
Armour         | |  1.7
Dodging        | |  0.8
Stealth        | |  1.1

Action                   |  1- 3 |  4- 6 || total
-------------------------+-------+-------++-------
Melee: Short sword       |   194 |    29 ||   223
       Club              |     5 |       ||     5
       Dagger            |       |    58 ||    58
Evoke: Wand              |     6 |       ||     6
Armor: Leather armour    |    48 |       ||    48
       Chain mail        |    72 |    41 ||   113
Dodge: Dodged            |   103 |    39 ||   142

Table legend: (Time is in decaauts)
 A = Elapsed time spent in this place.
 B = Non-inter-level travel time spent in this place.
 C = Inter-level travel time spent in this place.
 D = Time resting spent in this place.
 E = Time spent auto-exploring this place.
 F = Levels seen in this place.
 G = Mean time per level.
                   A        B        C        D        E       F      G
               +--------+--------+--------+--------+--------+-----+--------+
         Total |   4101 |   3638 |    463 |    500 |   2423 |   4 | 1025.2 |
       Dungeon |   4101 |   3638 |    463 |    500 |   2423 |   4 | 1025.2 |
               +--------+--------+--------+--------+--------+-----+--------+

Top non-repeatable levels by time:
     D:1: 1416 daAuts
     D:2: 1258 daAuts
     D:3: 1191 daAuts
     D:4: 233 daAuts
